[Event "Late-Titled-Tuesday-Blitz-February-13-2024"]
[Site "Chess.com"]
[Date "2024.02.13"]
[Round "3"]
[White "AndresDelgado77"]
[Black "Lion-Al-Messi"]
[Result "0-1"]
[WhiteElo "2337"]
[BlackElo "2567"]
[TimeControl "180+1"]
[EndTime "14:27:57 PST"]
[Termination "Lion-Al-Messi won by resignation"]

1. e4 c5 2. Nf3 e6 3. c3 Nf6 4. Bd3 Nc6 5. Bc2 d6 6. d4 Be7 7. a3 O-O 8. O-O e5 9. h3 b6 10. d5 Nb8 11. Nh2 Ba6 12. Re1 Nbd7 13. b4 Rc8 14. Ng4 Nxg4 15. hxg4 Bg5 16. Nd2 Nf6 17. Qf3 Qd7 18. Bd1 cxb4 19. axb4 Bb5 20. Nf1 Bxc1 21. Rxc1 Bxf1 22. Rxf1 h6 23. Be2 Nh7 24. Qf5 Qxf5 25. gxf5 Rc7 26. c4 Rfc8 27. Ra1 Nf6 28. Bd3 Nd7 29. Ra3 Kf8 30. Rfa1 Ra8 31. Kf1 Ke7 32. Ke2 Kd8 33. Kd2 Kc8 34. Kc3 Kb7 35. Kb3 Kb8 36. Rh1 a5 37. Rh3 axb4 38.
Rxa8+ Kxa8 39. Kxb4 Nc5 40. Bc2 Na6+ 41. Kb3 f6 42.
Rh1 Kb8 43. Ra1 Ra7 44. Kc3 Nc5 45. Rxa7 Kxa7 46. Kb4 Ka6 47. Bb1 Kb7 48. Bc2 Na6+ 49. Kb5 Nc5 50. Kb4 Kc7 51. f3 Kb7 52. Ba4 Nd3+ 53.
Kc3 Ne1 54. Be8 Nxg2 55. Bh5 Nf4 56. Bg4 h5 0-1

[Event "Late-Titled-Tuesday-Blitz-February-13-2024"]
[Site "Chess.com"]
[Date "2024.02.13"]
[Round "3"]
[White "arenal72"]
[Black "laskakid"]
[Result "1-0"]
[WhiteElo "2582"]
[BlackElo "2394"]
[TimeControl "180+1"]
[EndTime "14:27:58 PST"]
[Termination "arenal72 won on time"]

1. d4 d5 2. Nc3 Nf6 3. Bf4 g6 4.
Nb5 Na6 5. e3 Bg7 6. h4 O-O 7.
Nc3 Nb8 8. Bd3 c5 9. h5 Bg4 10. f3 Bf5 11. hxg6 fxg6 12. Bxf5 gxf5 13. Nge2 Nc6 14. a3 e6 15. Qd3 c4 16. Qd2 a6 17.
Bg5 Ne7 18. Nf4 Qd7 19. Qf2 Ng6 20. Nce2 b5 21. Nxg6 hxg6 22. Nf4 Kf7 23. Bxf6 Bxf6 24. Qg3 Ke8 25. Qxg6+ Kd8 26. Rh7 Qd6 27. Rf7 Re8 28. Qxf6+ Kc8 29. Qe5 Qxe5 30. dxe5 a5 31. Kf2 Ra6 32.
Rh1 Rc6 33. Ne2 b4 34. a4 c3 35. b3 Rc7 36. Rhh7 Rxf7 37. Rxf7 Rh8 38. Nd4 Rh1 39. Nxe6 Rc1 40. Nd4 1-0

[Event "Late-Titled-Tuesday-Blitz-February-13-2024"]
[Site "Chess.com"]
[Date "2024.02.13"]
[Round "3"]
[White "ChessLover0108"]
[Black "AlexPapasimakopoulos"]
[Result "0-1"]
[WhiteElo "2986"]
[BlackElo "2771"]
[TimeControl "180+1"]
[EndTime "14:27:59 PST"]
[Termination "AlexPapasimakopoulos won on time"]

1. d4 d5 2. c4 e6 3. Nc3 a6 4. cxd5 exd5 5. Nf3 c6 6. Bf4 Bd6 7. Be5 Bxe5 8. dxe5 Bg4 9. e4 Ne7 10. exd5 cxd5 11.
Qa4+ Bd7 12. Qf4 Be6 13. Bd3 h6 14. O-O Nbc6 15. Ne2 O-O 16. Ned4 Qd7 17. Rac1 Rac8 18. h3 Nxd4 19. Nxd4 Rxc1 20. Rxc1 Rc8 21. Rxc8+ Qxc8 22. Qe3 Bf5 23. Be2 Nc6 24. g4 Nxd4 25. Qxd4 Be6 26. f4 g6 27. Kf2 Qc2 28. a3 a5 29.
Qc3 Qe4 30. Qe3 Qa4 31. Qd2 b6 32. Bf3 Qc4 33. Kg3 d4 34. Be4 Bd5 35. Bd3 Qc7 36.
Kf2 Bb7 37. Qc2 Qd8 38. Kg3 Qd5 39. Qf2 b5 0-1

[Event "Late-Titled-Tuesday-Blitz-February-13-2024"]
[Site "Chess.com"]
[Date "2024.02.13"]
[Round "3"]
[White "Dubs123"]
[Black "pooh2012"]
[Result "0-1"]
[WhiteElo "2328"]
[BlackElo "2563"]
[TimeControl "180+1"]
[EndTime "14:27:59 PST"]
[Termination "pooh2012 won on time"]

1. d4 Nf6 2. c4 e6 3. Nc3 Bb4 4.
f3 d5 5. a3 Bxc3+ 6. bxc3 c6 7. Bg5 Qa5 8. Qd2 Nbd7 9. e3 dxc4 10. Bxc4 Qxg5 11. Nh3 Qa5 12. O-O Nb6 13. Bd3 e5 14. Qc2 Bxh3 15. gxh3 O-O 16. Kh1 Kh8 17. Rg1 exd4 18.
cxd4 Nbd5 19. Qf2 Qc3 20. Rad1 Rfe8 21. e4 Nf4 22. Bf1 Qxa3 23. Re1 Qc3 24. e5 N6h5 25. Re4 Rad8 26. Rg4 Qc1 27. Rg1 f5 28. exf6 Nxf6 29. Rxe8+ Rxe8 30. Qg3 Ng6 31. Bd3 Qf4 32. Qf2 Nh4 0-1

[Event "Late-Titled-Tuesday-Blitz-February-13-2024"]
[Site "Chess.com"]
[Date "2024.02.13"]
[Round "3"]
[White "CaspiIsrael"]
[Black "FabianoCaruana"]
[Result "0-1"]
[WhiteElo "2814"]
[BlackElo "3061"]
[TimeControl "180+1"]
[EndTime "14:28:00 PST"]
[Termination "FabianoCaruana won by resignation"]

1. e4 c5 2. Nf3 d6 3. d4 cxd4 4.
Nxd4 Nf6 5. Nc3 a6 6. f3 h5 7. Be3 b5 8. a4 b4 9. Na2 e5 10. Nb3 d5 11. Bc5 Bxc5 12. Nxc5 Qb6 13. Nd3 dxe4 14. Nxe5 O-O 15. Nc4 Qa7 16. Qd6 exf3 17. O-O-O Ne4 18. Qxb4 Nf2 19. Nb6 Nxd1 20. Nxa8 Qxa8 21.
Qd2 Bg4 22. h3 Be6 23. Nb4 Ne3 24. Qxe3 fxg2 25. Bxg2 Qxg2 26. Rg1 Qxh3 27. Qg5 g6 28. Kb1 Qf5 29. Qh6 Rc8 30. Qd2 a5 31. Nd3 Nc6 32. Qe3 Nb4 33. Nxb4 axb4 34. Rc1 b3 0-1

[Event "Late-Titled-Tuesday-Blitz-February-13-2024"]
[Site "Chess.com"]
[Date "2024.02.13"]
[Round "3"]
[White "Dewarfd"]
[Black "The_Straightforward_Rook"]
[Result "0-1"]
[WhiteElo "2153"]
[BlackElo "2445"]
[TimeControl "180+1"]
[EndTime "14:28:00 PST"]
[Termination "The_Straightforward_Rook won on time"]

1. d4 d5 2. e3 Nf6 3. Nf3 Bg4 4. h3 Bxf3 5. Qxf3 e6 6. c4 Nbd7 7. Bd3 c6 8. O-O Bd6 9. b3 e5 10. cxd5 cxd5 11. e4 dxe4 12. Bxe4 Nxe4 13. Qxe4 O-O 14. Nc3 Nf6 15. Qh4 exd4 16. Nb5 Be5 17. Rd1 Nd5 18. Qe4 Re8 19. Qf3 a6 20. Nxd4 Nb4 21. Be3 Qf6 22. Qxb7 Rab8 23. Qf3 Qxf3 24. Nxf3 Bxa1 25.
Rxa1 Nc2 26. Rc1 Nxe3 27. fxe3 Rxe3 28. Kf2 Re6 29. Rc7 h6 30. Ra7 Rc8 31. a4 Rc2+ 32. Kg3 Rc3 33. b4 Rc4 34. b5 Rxa4 35. bxa6 Raxa6 36. Rb7 Rg6+ 37. Kf4 Rxg2 0-1

[Event "Late-Titled-Tuesday-Blitz-February-13-2024"]
[Site "Chess.com"]
[Date "2024.02.13"]
[Round "3"]
[White "Chempiblinka"]
[Black "BeardedNM"]
[Result "0-1"]
[WhiteElo "2348"]
[BlackElo "2137"]
[TimeControl "180+1"]
[EndTime "14:28:02 PST"]
[Termination "BeardedNM won by resignation"]

1. Nf3 Nf6 2. g3 d5 3. Bg2 e6 4. c4 Be7 5. O-O O-O 6. d4 dxc4 7. Qc2 a6 8. a4 Bd7 9. Ne5 Nc6 10. Nxc6 Bxc6 11. Bxc6 bxc6 12. Qxc4 Qd5 13. Nd2 Rfd8 14. e3 c5 15. dxc5 Qxc5 16. b3 Rab8 17. Rb1 Qxc4 18.
Nxc4 Rd3 19. Na5 Bb4 20. Nc6 Rb6 21. Ne5 Rd5 22. Nc4 Rb7 23. Bb2 h5 24. Rfd1 Ne4 25. Rbc1 Bd2 26. Nxd2 Nxd2 27. Bd4 Nxb3 28. Rc6 e5 29. Rxa6 exd4 30. exd4 Nxd4 31. Ra8+ Kh7 32. Kg2 c5 33. a5 Rb2 34. a6 Rf5 35. Rf1 Ra2 36.
Rc8 Rxa6 37. Rc1 Ra2 38. R1xc5 Rfxf2+ 39. Kg1 Nf3+ 0-1

[Event "Late-Titled-Tuesday-Blitz-February-13-2024"]
[Site "Chess.com"]
[Date "2024.02.13"]
[Round "3"]
[White "sharkarton"]
[Black "TorFredrikKaasen"]
[Result "0-1"]
[WhiteElo "2510"]
[BlackElo "2794"]
[TimeControl "180+1"]
[EndTime "14:28:03 PST"]
[Termination "TorFredrikKaasen won by resignation"]

1. Nf3 d5 2. d4 Nf6 3. c4 e6 4.
Nc3 c5 5. cxd5 Nxd5 6. e3 Nc6 7. Bd3 Be7 8. O-O O-O 9. Nxd5 Qxd5 10. Qc2 h6 11. Be4 Qd6 12. Rd1 cxd4 13. Nxd4 Nxd4 14. Rxd4 Qb6 15. Rd1 e5 16. Bd2 Be6 17. Bc3 Rac8 18. Qe2 Rc5 19. Rd2 Rd8 20. Rad1 Rxd2 21. Qxd2 a5 22.
h3 Qc7 23. Bb1 Rd5 24. Qe2 Rxd1+ 25. Qxd1 b6 26. Qd3 g6 27. Qb5 Bc5 28. a3 Kh7 29. Bd3 Bd6 30. Be2 Bd7 31. Qc4 Qxc4 32. Bxc4 Kg7 33. f3 f5 34. Kf2 Kf6 35. Bd5 h5 36.
e4 Bc5+ 37. Ke2 Bb5+ 38. Ke1 f4 39. b4 axb4 40. axb4 Be3 41. Bd2 Bd4 42. Bb7 Kg5 43. Bc8 Kh4 44. Be6 Kg3 45. Bf7 Kxg2 46. Bxg6 Kxf3 47.
Bxh5+ Kxe4 48. Bg4 f3 49. Bg5 f2+ 0-1

[Event "Late-Titled-Tuesday-Blitz-February-13-2024"]
[Site "Chess.com"]
[Date "2024.02.13"]
[Round "3"]
[White "LastHeroJr"]
[Black "Zavgorodniy_Sergiy"]
[Result "1-0"]
[WhiteElo "2490"]
[BlackElo "2649"]
[TimeControl "180+1"]
[EndTime "14:28:03 PST"]
[Termination "LastHeroJr won by checkmate"]

1. e4 c6 2. Nc3 d5 3. d4 dxe4 4. Nxe4 Bf5 5. Ng3 Bg6 6. Nf3 Nd7 7. Bc4 Ngf6 8. c3 e6 9. O-O Be7 10. Re1 O-O 11. Bb3 a5 12. a3 Qc7 13. Bg5 h6 14.
Bxf6 Nxf6 15. Ne5 Bh7 16. Nh5 Rad8 17. Qf3 Nxh5 18. Qxh5 Bf6 19. Ng4 Be7 20. Ne5 Bd6 21. Re3 Bxe5 22. Qxe5 Qxe5 23. Rxe5 b6 24. Rae1 Rd6 25.
g4 Rfd8 26. f4 Kf8 27. h4 R6d7 28. h5 Rd6 29. Kf2 R6d7 30. Kg3 Rd6 31. Kh4 R6d7 32.
g5 Bf5 33. g6 fxg6 34. Bxe6 Bxe6 35. Rxe6 gxh5 36. Rxc6 Rf7 37. Re4 Rb8 38. a4 Rf5 39. c4 Re8 40. Rxe8+ Kxe8 41. Kg3 g5 42. fxg5 hxg5 43.
Rxb6 Rf4 44. Rd6 h4+ 45. Kh3 Rf3+ 46. Kg4 Rg3+ 47. Kf5 h3 48. Rh6 g4 49. d5 Rg2 50.
Ke6 Re2+ 51. Kd6 h2 52. c5 g3 53. c6 g2 54. c7 Rc2 55. Rxh2 g1=Q 56. Rxc2 Qg3+ 57.
Kc6 Qg6+ 58. Kb7 Qf7 59. Rc6 Qd7 60. Kb8 Qxd5 61. c8=Q+ Kf7 62. Qc7+ Kf8 63. Qd6+ Qxd6+ 64. Rxd6 Ke7 65. Kc7 Ke8 66. Rd5 Ke7 67. Re5+ Kf6 68. Rxa5 Ke6 69. Rc5 Ke7 70. Re5+ Kf6 71. Kd6 Kf7 72.
Rf5+ Kg6 73. Ke6 Kg7 74. Rg5+ Kh6 75. Kf6 Kh7 76. Rh5+ Kg8 77. Rh6 Kf8 78. Rh8# 1-0

[Event "Late-Titled-Tuesday-Blitz-February-13-2024"]
[Site "Chess.com"]
[Date "2024.02.13"]
[Round "3"]
[White "MeisterJabo"]
[Black "Payyappat"]
[Result "0-1"]
[WhiteElo "2386"]
[BlackElo "2575"]
[TimeControl "180+1"]
[EndTime "14:28:03 PST"]
[Termination "Payyappat won on time"]

1. c4 c5 2. g3 Nc6 3. Bg2 Nf6 4. Nc3 g6 5. a3 Bg7 6. Rb1 O-O 7. b4 cxb4 8. axb4 d6 9. Nf3 Be6 10. d3 Ng4 11. Bd2 Qb6 12. O-O Nge5 13. Nxe5 Nxe5 14. c5 dxc5 15. bxc5 Qxc5 16. Rxb7 Rab8 17. Ne4 Qa3 18. Bc1 Qa1 19. Rxe7 Rb1 20. Qc2 Bb3 21. Qc5 a5 22. Bf4 Ng4 23. e3 a4 24. h3 a3 25. hxg4 a2 26. g5 Rxf1+ 27. Bxf1 Qb1 28. Ra7 a1=Q 29. Rxa1 Qxa1 30. d4 Be6 31. Kg2 Rc8 32. Qd6 Qa8 33. f3 Bd5 0-1

[Event "Late-Titled-Tuesday-Blitz-February-13-2024"]
[Site "Chess.com"]
[Date "2024.02.13"]
[Round "3"]
[White "GoldenShare"]
[Black "Alblooshi_Hamad"]
[Result "1-0"]
[WhiteElo "2542"]
[BlackElo "2242"]
[TimeControl "180+1"]
[EndTime "14:28:03 PST"]
[Termination "GoldenShare won by resignation"]

1. e4 c5 2. Nc3 Nc6 3. Bb5 Nd4 4. Nf3 a6 5. Bd3 Nc6 6. O-O g6 7. e5 Bg7 8. Re1 Nh6 9. Bc4 O-O 10. d3 Nf5 11.
Bf4 d6 12. exd6 Nxd6 13. Bd5 Nd4 14. Ne5 Ne6 15. Bg3 Nf5 16. Qe2 Ned4 17. Qd2 Nxg3 18. hxg3 e6 19. Bb3 Qc7 20. Nf3 b5 21. Ne4 Bb7 22.
c3 Nxb3 23. axb3 Rad8 24. Rad1 Rd7 25. Qe3 Rc8 26. g4 h6 27. g5 hxg5 28. Nfxg5 Bxe4 29. Nxe4 Qc6 30. Qf3 Qd5 31. c4 Qf5 32. Qg3 Rcd8 33. Re3 Be5 34. Qh4 Rxd3 35. Rdxd3 Rxd3 36. Rxd3 1-0

[Event "Late-Titled-Tuesday-Blitz-February-13-2024"]
[Site "Chess.com"]
[Date "2024.02.13"]
[Round "3"]
[White "Mikhail_Golubev"]
[Black "WindWhistler11"]
[Result "1-0"]
[WhiteElo "2686"]
[BlackElo "2494"]
[TimeControl "180+1"]
[EndTime "14:28:05 PST"]
[Termination "Mikhail_Golubev won by resignation"]

1. e4 e6 2. d4 d5 3. Bd3 Nc6 4.
Nf3 Nb4 5. exd5 Nxd3+ 6. Qxd3 exd5 7. O-O Be7 8. Re1 Be6 9. Qb5+ c6 10. Qxb7 Rc8 11.
Ne5 Rc7 12. Qa6 Nf6 13. Bf4 Qc8 14. Qe2 O-O 15. Nxf7 Ne4 16. Bxc7 Qxc7 17. f3 Bh4 18. Ne5 Bxe1 19. Qxe1 Qb6 20. fxe4 Qxd4+ 21. Kh1 Qxe5 22. Nc3 d4 23. Na4 Bc4 24. Qb4 Bb5 25. Nc5 a5 26. Qb3+ Kh8 27. Qa3 Qf4 28. Rg1 Be2 29. Ne6 Qf7 30.
Qxf8+ Qxf8 31. Nxf8 c5 32. Ne6 c4 33. Nxd4 Bg4 34.
c3 Bd7 35. h3 Ba4 36. Re1 Be8 37. Kg1 1-0

[Event "Late-Titled-Tuesday-Blitz-February-13-2024"]
[Site "Chess.com"]
[Date "2024.02.13"]
[Round "3"]
[White "jinxy2009"]
[Black "dolynachess"]
[Result "0-1"]
[WhiteElo "2230"]
[BlackElo "2483"]
[TimeControl "180+1"]
[EndTime "14:28:05 PST"]
[Termination "dolynachess won on time"]

1. e4 c5 2. Nf3 d6 3. d4 cxd4 4. Nxd4 Nf6 5. Nc3 g6 6. Be3 Nc6 7. f3 h5 8. Qd2 Nxd4 9. Bxd4 Bh6 10. Qf2 Qa5 11. Bc4 Be6 12. Bxe6 fxe6 13. O-O O-O 14. Qg3 Kh7 15. e5 dxe5 16. Bxe5 h4 17. Qe1 h3 18. g3 Rad8 19. Rd1 Rxd1 20. Nxd1 Qxa2 21. g4 Qd5 22. Nc3 Qd2 23. Qxd2 Bxd2 24. Bxf6 exf6 25. Ne4 Be3+ 26. Kh1 f5 27. gxf5 exf5 28.
Nc3 Rd8 29. Rd1 Rxd1+ 30. Nxd1 Bb6 31. Nc3 Kh6 32. Ne2 Kg5 33. c3 Be3 34. b3 b5 35.
c4 bxc4 36. bxc4 Kf6 37. Nc3 Ke5 38. Nd5 Bc5 39. f4+ Kd4 0-1

[Event "Late-Titled-Tuesday-Blitz-February-13-2024"]
[Site "Chess.com"]
[Date "2024.02.13"]
[Round "3"]
[White "ViIIagra"]
[Black "Agibileg"]
[Result "1-0"]
[WhiteElo "2970"]
[BlackElo "2728"]
[TimeControl "180+1"]
[EndTime "14:28:06 PST"]
[Termination "ViIIagra won on time"]

1. g3 Nf6 2. Bg2 e6 3. f4 d5 4. Nf3 Be7 5. O-O O-O 6. d3 b6 7. Nc3 Bb7 8. e4 dxe4 9. Ng5 Bc5+ 10. Kh1 Qc8 11. Ngxe4 Nxe4 12. Nxe4 Nd7 13. f5 exf5 14. Rxf5 Be7 15. Bg5 f6 16. Bd2 Nc5 17. Qf1 Nxe4 18. dxe4 Qe6 19. Re1 Rad8 20. Bc3 a5 21. a3 Bc5 22. h3 Bd4 23. Qf3 Bxc3 24. Qxc3 Rd7 25. g4 Rfd8 26. e5 Bxg2+ 27. Kxg2 Rd2+ 28. Kg3 c5 29.
Re3 fxe5 30. Rexe5 Qd6 31. Qc4+ Kh8 32. Qf4 h6 33. g5 Qg6 34. h4 Rxc2 35. Rf8+ Rxf8 36. Qxf8+ Kh7 37. Qf3 Rd2 38. h5 Qd6 39. g6+ Kg8 40. Qa8+ Qf8 41. Re8 1-0

[Event "Late-Titled-Tuesday-Blitz-February-13-2024"]
[Site "Chess.com"]
[Date "2024.02.13"]
[Round "3"]
[White "RandomNoob04"]
[Black "alexgo05"]
[Result "1-0"]
[WhiteElo "2601"]
[BlackElo "2416"]
[TimeControl "180+1"]
[EndTime "14:28:06 PST"]
[Termination "RandomNoob04 won on time"]

1. e4 c6 2. c4 e5 3. Nf3 d6 4. d4 Nd7 5. Nc3 Ngf6 6. Be2 g6 7. O-O Bg7 8. h3 O-O 9. Be3 exd4 10. Nxd4 Re8 11.
Qc2 Nc5 12. Bf3 a5 13. Rfe1 h6 14. Rad1 Nh7 15. Nxc6 Qh4 16. Rxd6 Bf8 17. Bxc5 Bxd6 18. Bxd6 bxc6 19. e5 Ng5 20. Bxc6 Bxh3 21. Ne4 Kh8 22.
Nxg5 Qxg5 23. f4 Qg3 24. Qf2 Qxf2+ 25. Kxf2 Be6 26. b3 a4 27. Bxe8 Rxe8 28. Rb1 Ra8 29.
c5 axb3 30. axb3 Ra2+ 31. Ke3 Rxg2 32. c6 Rc2 33. c7 h5 34. b4 h4 35. b5 Bc8 36. b6 Bb7 37. Kd3 Rc6 38. Rb2 1-0

[Event "Late-Titled-Tuesday-Blitz-February-13-2024"]
[Site "Chess.com"]
[Date "2024.02.13"]
[Round "3"]
[White "Miguelito"]
[Black "LiemLe"]
[Result "0-1"]
[WhiteElo "2762"]
[BlackElo "3026"]
[TimeControl "180+1"]
[EndTime "14:28:07 PST"]
[Termination "LiemLe won by resignation"]

1. e4 c5 2. Nf3 Nc6 3. Bb5 g6 4. Bxc6 bxc6 5. d4 cxd4 6. Qxd4 f6 7. Qa4 Nh6 8. c4 c5 9. Nc3 Nf7 10. Be3 e6 11. O-O Bb7 12. Rfd1 Be7 13. Rd2 Qc8 14.
Ne1 Bc6 15. Qa5 Nd6 16. Rxd6 Bxd6 17. Bxc5 Qc7 18. Qa3 Bxh2+ 19. Kh1 d6 20. Bd4 Be5 21. Nf3 O-O 22. Nxe5 fxe5 23. Be3 a5 24. Qb3 Rab8 25.
Qc2 Ba8 26. b3 d5 27. Bh6 Rf7 28. Rc1 Rc8 29. Na4 d4 30. f3 Qe7 31. Qf2 Bxe4 32. Re1 Bc6 33. Rxe5 Bxa4 34. bxa4 Rxc4 35. Qe2 Rc6 36.
Qe4 Rd6 37. Rxa5 d3 38. Ra8+ Rd8 39. Bg5 Qxg5 40. Rxd8+ Qxd8 41. Qxe6 d2 0-1

[Event "Late-Titled-Tuesday-Blitz-February-13-2024"]
[Site "Chess.com"]
[Date "2024.02.13"]
[Round "3"]
[White "GMKrikor"]
[Black "ajeale2"]
[Result "1-0"]
[WhiteElo "2837"]
[BlackElo "2513"]
[TimeControl "180+1"]
[EndTime "14:28:07 PST"]
[Termination "GMKrikor won on time"]

1. Nf3 d5 2. c4 d4 3. b4 c5 4. Bb2 Nf6 5. g3 Nc6 6. b5 Nb8 7. Bg2 g6 8. e3 dxe3 9. fxe3 Bg7 10.
O-O O-O 11. Qe2 Bf5 12. Ne5 Nbd7 13. Bxb7 Nxe5 14. Rxf5 gxf5 15. Bxa8 Qxa8 16. Bxe5 Qe4 17. Bc3 Rd8 18. a4 h5 19. Na3 h4 20. Rf1 hxg3 21.
hxg3 Rd6 22. Qf3 Ng4 23. Qxe4 fxe4 24. Bxg7 Kxg7 25. Nb1 Ne5 26. Rf4 Nxc4 27. Rxe4 Nb2 28. Kf1 e6 29. Ke2 Nd3 30. a5 Nc1+ 31. Kd1 Nb3 32.
Rc4 Nxa5 33. Rxc5 Nb3 34. Rc7 a6 35. Rc6 Rd5 36. bxa6 Ra5 37. Kc2 1-0

[Event "Late-Titled-Tuesday-Blitz-February-13-2024"]
[Site "Chess.com"]
[Date "2024.02.13"]
[Round "3"]
[White "Dinamo3"]
[Black "ZaphenathPaneah"]
[Result "1-0"]
[WhiteElo "2536"]
[BlackElo "2145"]
[TimeControl "180+1"]
[EndTime "14:28:07 PST"]
[Termination "Dinamo3 won on time"]

1. c4 e6 2. Nf3 d5 3. e3 Nf6 4.
b3 Be7 5. Bb2 O-O 6. Nc3 c6 7.
d4 Nbd7 8. Bd3 Re8 9. O-O Bd6 10.
e4 dxe4 11. Nxe4 Nxe4 12. Bxe4 Nf6 13. Bc2 Qe7 14. Re1 Ba3 15. Bc3 Bb4 16. Qd2 Bxc3 17.
Qxc3 b6 18. Ne5 Bb7 19. Rad1 Rad8 20. h3 Qa3 21. Bb1 c5 22. dxc5 Qxc5 23. Qg3 h5 24.
Qf4 a5 25. Qg5 Rxd1 26. Rxd1 Be4 27. Bxe4 Qxf2+ 28. Kxf2 Nxe4+ 29. Ke3 Nxg5 30. Rd6 f6 31. Nd3 Rb8 32. h4 Nf7 33. Rxe6 Kf8 34. a4 Re8 35.
Rxe8+ Kxe8 36. Nf4 g5 37. Nxh5 gxh4 38. Nxf6+ Ke7 39.
Nd5+ Kd6 40. Nxb6 Ne5 41. Nd5 Kc5 42. Ke4 1-0

[Event "Late-Titled-Tuesday-Blitz-February-13-2024"]
[Site "Chess.com"]
[Date "2024.02.13"]
[Round "3"]
[White "GoValya"]
[Black "Zq1"]
[Result "0-1"]
[WhiteElo "2249"]
[BlackElo "2505"]
[TimeControl "180+1"]
[EndTime "14:28:07 PST"]
[Termination "Zq1 won on time"]

1. d4 Nf6 2. Nf3 e6 3. c4 a6 4. a3 c5 5. d5 b5 6. dxe6 fxe6 7. cxb5 axb5 8. e3 b4 9. Be2 Be7 10. O-O O-O 11. Nbd2 d5 12. Qc2 c4 13. e4 b3 14.
Qc3 Nc6 15. e5 Ng4 16. h3 Nh6 17. Nd4 Nxd4 18. Qxd4 Nf5 19. Qc3 Ba6 20. Nf3 d4 21.
Qe1 d3 22. Bd1 Bc5 23. Be3 Nxe3 24. fxe3 Qd5 25. Kh1 Qe4 26. Ng5 Qxe3 27. Rxf8+ Rxf8 28. Qxe3 Bxe3 29. Nxe6 Rf1+ 30. Kh2 Bc8 31. Nc7 Bf4+ 32. g3 Rf2+ 33. Kg1 Bxg3 34. Bg4 Bxg4 35. hxg4 Rxb2 36. Re1 Bxe1 37. e6 Bh4 38. Nd5 d2 0-1

[Event "Late-Titled-Tuesday-Blitz-February-13-2024"]
[Site "Chess.com"]
[Date "2024.02.13"]
[Round "3"]
[White "vesalhamedinia"]
[Black "karinachess1"]
[Result "0-1"]
[WhiteElo "2486"]
[BlackElo "2678"]
[TimeControl "180+1"]
[EndTime "14:28:08 PST"]
[Termination "karinachess1 won by checkmate"]

1. d4 Nf6 2. c4 e6 3. Nf3 d5 4.
Nc3 Be7 5. Bf4 O-O 6. e3 b6 7.
cxd5 exd5 8. Bd3 c5 9. O-O Be6 10. a4 Nc6 11. Re1 c4 12. Bc2 Bb4 13. h3 a6 14. Re2 Bxc3 15. bxc3 b5 16. Qb1 Qb6 17.
Bd6 Rfe8 18. Bc5 Qb7 19. Ng5 h6 20. Nxe6 fxe6 21. Bg6 Red8 22. Rb2 Rab8 23. Qd1 e5 24. axb5 axb5 25. Bf5 e4 26. f3 Qf7 27. Ra6 Qb7 28. Rb6 Qc7 29. R2xb5 Na7 30. Rb2 Nc6 31. fxe4 dxe4 32.
Qa4 Ne7 33. Rxb8 Nxf5 34. Rxd8+ Qxd8 35. Qxc4+ Kh7 36. Rb7 Nd5 37. Qf1 Nfxe3 38. Qf7 Qg5 39. Bf8 Qxg2# 0-1

[Event "Late-Titled-Tuesday-Blitz-February-13-2024"]
[Site "Chess.com"]
[Date "2024.02.13"]
[Round "3"]
[White "KorolDimitriy75"]
[Black "Hilary46"]
[Result "0-1"]
[WhiteElo "2426"]
[BlackElo "2619"]
[TimeControl "180+1"]
[EndTime "14:28:08 PST"]
[Termination "Hilary46 won on time"]

1. d4 d5 2. c4 e6 3. Nc3 c6 4. e3 Nf6 5. Nf3 Nbd7 6. Bd3 dxc4 7. Bxc4 b5 8. Be2 Bb7 9. e4 b4 10. e5 bxc3 11. exf6 cxb2 12. fxg7 Bxg7 13. Bxb2 c5 14. O-O O-O 15. Qd2 Rb8 16. Bc3 cxd4 17. Bxd4 Bxf3 18. Bxg7 Kxg7 19. Bxf3 Ne5 20. Qe3 Qf6 21. Be2 Rb2 22.
a4 Ng6 23. f4 a5 24. g3 Ne7 25.
Bf3 Nf5 26. Qe4 Rd8 27. Rad1 Rd4 28. Rxd4 Qxd4+ 29. Qxd4+ Nxd4 30. Bg2 Ra2 31. Rd1 Rxa4 32. Bf1 Rb4 33. Kf2 a4 34. Ke3 a3 35. Rd2 Nf5+ 36. Kf3 Rb3+ 37. Kf2 Ne3 38. Bd3 Nd5 39. Bc4 Rb2 40. Ke2 Nc3+ 41. Kd3 Rxd2+ 42. Kxd2 a2 43. Bxa2 Nxa2 44. Kd3 Nb4+ 45. Ke4 Nd5 46. g4 Nf6+ 0-1

[Event "Late-Titled-Tuesday-Blitz-February-13-2024"]
[Site "Chess.com"]
[Date "2024.02.13"]
[Round "3"]
[White "abeljusto"]
[Black "egnfanclub"]
[Result "0-1"]
[WhiteElo "2083"]
[BlackElo "2342"]
[TimeControl "180+1"]
[EndTime "14:28:08 PST"]
[Termination "egnfanclub won on time"]

1. d4 d5 2. Bf4 Nf6 3. e3 Bf5 4. c4 Bxb1 5. Rxb1 e6 6. b4 Be7 7. Nf3 dxc4 8. Bxc4 Nd5 9. Bxd5 Qxd5 10. Qc2 Nc6 11.
a3 O-O 12. O-O Rac8 13. Rfc1 Bd6 14. Bg3 Bxg3 15. hxg3 f5 16. Qa4 a6 17. Rc5 Qd8 18.
Qb3 Qf6 19. Rbc1 Rf7 20. a4 Nd8 21. Ne5 Re7 22. b5 axb5 23. axb5 g5 24. f4 h6 25. Qc2 Kg7 26. Qe2 c6 27. b6 Nf7 28. Nxf7 Rxf7 29.
Qa2 gxf4 30. gxf4 Kh7 31. Re5 Re8 32. Rc2 Rg7 33. Qc4 Qh4 34. Qf1 Qg3 35. Qf2 Qg4 36. Qf1 Rg6 37. Rec5 Reg8 38. Rf2 Qg3 0-1

[Event "Late-Titled-Tuesday-Blitz-February-13-2024"]
[Site "Chess.com"]
[Date "2024.02.13"]
[Round "3"]
[White "Galileo22"]
[Black "KNVB"]
[Result "0-1"]
[WhiteElo "2568"]
[BlackElo "2864"]
[TimeControl "180+1"]
[EndTime "14:28:09 PST"]
[Termination "KNVB won by checkmate"]

1. f4 d5 2. g3 Nh6 3. Bg2 Nc6 4. Nf3 Bg4 5. d3 Nf5 6. Nc3 e6 7. e4 dxe4 8. dxe4 Qxd1+ 9. Nxd1 Bxf3 10. Bxf3 Nfd4 11. O-O Nxc2 12. Rb1 N2d4 13. Bg2 Ne2+ 14. Kh1 Nxc1 15. Rxc1 O-O-O 16. e5 Nd4 17. Nc3 Be7 18. Ne4 Kb8 19. Rc4 c6 20. Rc3 Rd7 21. h3 Rhd8 22. Kh2 h5 23. Rd1 g6 24. Rf1 Nf5 25.
Rc2 Ne3 26. Rff2 Nxc2 27. Rxc2 Rd4 28. h4 a6 29. a3 Ka7 30. Re2 Rd3 31. Rc2 Re3 32. Nc3 Rd4 33. Ne2 Rdd3 34. Bf1 Rd1 35. Bg2 Re1 36. Nc3 Bd8 37. Rd2 Ba5 38. Rd7 Bxc3 39.
bxc3 R1e2 40. Kh3 Rxc3 41. Rxf7 Rcc2 42. Bf3 Rh2# 0-1

[Event "Late-Titled-Tuesday-Blitz-February-13-2024"]
[Site "Chess.com"]
[Date "2024.02.13"]
[Round "3"]
[White "reevecanada"]
[Black "Kostya26"]
[Result "0-1"]
[WhiteElo "2575"]
[BlackElo "2444"]
[TimeControl "180+1"]
[EndTime "14:28:09 PST"]
[Termination "Kostya26 won by resignation"]

1. e4 c5 2. Nf3 Nc6 3. Bb5 g6 4. Bxc6 bxc6 5. d4 cxd4 6. Qxd4 Nf6 7. e5 Nd5 8. c4 Nc7 9. O-O Bg7 10. Nc3 Ne6 11.
Qh4 h6 12. Ne4 Bb7 13. c5 Qc7 14. Qg3 O-O-O 15. Bd2 Ba6 16. Rfc1 Bd3 17. Nd6+ exd6 18. exd6 Qb7 19. Ne5 Bxe5 20. Qxe5 h5 21. Rc3 Qxb2 22.
Re1 Qxd2 23. Rb3 Nxc5 24. Rb2 Qa5 25. h4 Nb7 26. Rxb7 Qxe5 27. Rc7+ Kb8 28. Rxe5 Rhe8 29. Ra5 a6 30. Ra3 Bb5 31. Rb3 Re6 32. a4 Rxd6 33. axb5 Kxc7 34. bxa6 Ra8 35. Rb7+ Kc8 36. Rb6 Rd5 37.
g3 Ra5 38. Rb3 R5xa6 39. Re3 Kd8 40. Rf3 f5 41. Kg2 Ra2 42. Re3 Rd2 43. Re5 Raa2 44.
Kh3 Rxf2 0-1

[Event "Late-Titled-Tuesday-Blitz-February-13-2024"]
[Site "Chess.com"]
[Date "2024.02.13"]
[Round "3"]
[White "MKlose11"]
[Black "noblerone"]
[Result "1-0"]
[WhiteElo "2656"]
[BlackElo "2453"]
[TimeControl "180+1"]
[EndTime "14:28:10 PST"]
[Termination "MKlose11 won by resignation"]

1. e4 c5 2. Nc3 Nc6 3. g3 e6 4. Bg2 Nf6 5. d3 d5 6. h3 Be7 7. Nge2 O-O 8. O-O b6 9. exd5 Nxd5 10. Nxd5 exd5 11. d4 Ba6 12. dxc5 bxc5 13. Re1 Bxe2 14. Rxe2 Nd4 15. Re1 Bg5 16. c3 Bxc1 17. Rxc1 Nf5 18.
Qxd5 Qf6 19. Qxa8 Rxa8 20. Bxa8 g6 21. Be4 Nd6 22. b4 Nxe4 23. Rxe4 cxb4 24. Rxb4 Qg5 25. Rbb1 Qc5 26. c4 a6 27. h4 h6 28. Rb3 g5 29. hxg5 hxg5 30. Rd3 Kh7 31. Rc2 Kg6 32. Rd5 Qc6 33. Re5 f6 34. Rd5 Kh5 35. Rd4 Qc5 36.
Re4 f5 37. Re3 Kg4 38. Kg2 f4 39. f3+ Kf5 40. Rd3 Qb4 41. c5 Qa4 42. Rdc3 fxg3 43.
c6 Qh4 44. c7 Qh2+ 45. Kf1 Qh1+ 46. Ke2 Qg2+ 47. Kd1 Qf1+ 48. Kd2 Qf2+ 49. Kc1 Qg1+ 50.
Kb2 Qb6+ 51. Rb3 Qf6+ 52. Rcc3 1-0